SL
SEATTLE AVIATORS @ THUNDER BAY NORTHERN LIONS BC
06/10/2032
 
TOP OF THE 1ST
Seattle Aviators batting - Pitching for Thunder Bay Northern Lions BC : RHP Santiago López
Pitching: RHP Santiago López
Batting: RHB Alfredo Méndez 0-0: Called Strike
0-1: Foul Ball, location: 2F
0-2: Ball
1-2: Ball
2-2: Foul Ball, location: 2F
2-2: Ball
3-2: Ground out U3 (Groundball, 3)
Batting: RHB Albert Zamudio 0-0: Ball
1-0: Called Strike
1-1: Foul Ball, location: 2F
1-2: Strikes out swinging
Batting: LHB Yoichibei Sato 0-0: SINGLE (Flyball, 9LS)
Batting: LHB Kenny Webster 0-0: Foul Ball, location: 2F
0-1: Swinging Strike
0-2: Ball
1-2: Strikes out swinging
Top of the 1st over - 0 runs, 1 hit, 0 errors, 1 left on base; Seattle 0 - Thunder Bay 0
BOTTOM OF THE 1ST
Thunder Bay Northern Lions BC batting - Pitching for Seattle Aviators : LHP Shigemasa Horiuchi
Pitching: LHP Shigemasa Horiuchi
Batting: RHB Augusto Encarnación 0-0: Fly out, F7 (Flyball, 7S)
Batting: RHB Joe Aller 0-0: Fly out, F8 (Flyball, 8RS)
Batting: RHB António Mendoza 0-0: Foul Ball, location: 2F
0-1: Foul Ball, location: 2F
0-2: Ball
1-2: Ball
2-2: Ground out U3 (Groundball, 3S)
Bottom of the 1st over - 0 runs, 0 hits, 0 errors, 0 left on base; Seattle 0 - Thunder Bay 0
TOP OF THE 2ND
Seattle Aviators batting - Pitching for Thunder Bay Northern Lions BC : RHP Santiago López
Batting: RHB Ludwig Kluge 0-0: Ball
1-0: Ground out U3 (Groundball, 34S)
Batting: LHB Pedro Corona 0-0: Foul Ball, location: 2F
0-1: Ball
1-1: Foul Ball, location: 2F
1-2: Ball
2-2: Ball
3-2: Foul Ball, location: 2F
3-2: Hit by Pitch
Batting: RHB Seon-keun Kim 0-0: Swinging Strike
0-1: Foul Ball, location: 2F
0-2: Ball
1-2: Ball
2-2: Foul Ball, location: 2F
2-2: Foul Ball, location: 2F
2-2: Foul Ball, location: 2F
2-2: Ball
3-2: Fly out, F8 (Flyball, 78XD)
Batting: RHB José Rodríguez 0-0: Ground out 6-3 (Groundball, 56)
Top of the 2nd over - 0 runs, 0 hits, 0 errors, 1 left on base; Seattle 0 - Thunder Bay 0
BOTTOM OF THE 2ND
Thunder Bay Northern Lions BC batting - Pitching for Seattle Aviators : LHP Shigemasa Horiuchi
Batting: LHB David Smith 0-0: Ball
1-0: Called Strike
1-1: SINGLE (Groundball, 4MD)
Batting: RHB Denis Higgins 0-0: Ball
1-0: Ball
2-0: SINGLE (Groundball, 6M) (infield hit)
David Smith to second
Batting: RHB Edgar Balerio 0-0: Called Strike
0-1: Ball
Wild Pitch!
David Smith to third
Denis Higgins to second
1-1: Foul Ball, location: 2F
1-2: DOUBLE (Line Drive, 78D)
David Smith scores
Denis Higgins scores
Batting: LHB Luis Freitas 0-0: Ball
1-0: Ball
2-0: Called Strike
2-1: Called Strike
2-2: SINGLE (Line Drive, 89S)
Edgar Balerio to third
Batting: RHB Bartolo Morales 0-0: Ball
1-0: SINGLE (Groundball, 5D)
Edgar Balerio scores
Luis Freitas to second
Batting: RHB Pedro Torres 0-0: Swinging Strike
0-1: Foul Ball, location: 2F
0-2: Ball
1-2: Ball
2-2: Strikes out swinging
Batting: RHB Augusto Encarnación 0-0: Ball
1-0: Ball
2-0: Ball
3-0: Called Strike
3-1: Foul Ball, location: 2F
3-2: Base on Balls
Luis Freitas to third
Bartolo Morales to second
Batting: RHB Joe Aller 0-0: Called Strike
0-1: Ball
1-1: Called Strike
1-2: Foul Ball, location: 2F
1-2: Fly out, F9 (Line Drive, 89M)
Runner from 3rd tags up, OUT at HOME
Bottom of the 2nd over - 3 runs, 5 hits, 0 errors, 2 left on base; Seattle 0 - Thunder Bay 3
TOP OF THE 3RD
Seattle Aviators batting - Pitching for Thunder Bay Northern Lions BC : RHP Santiago López
Batting: RHB Logan Namajunas 0-0: Called Strike
0-1: Ball
1-1: Ball
2-1: Ball
3-1: Foul Ball, location: 2F
3-2: Base on Balls
Batting: RHB Alfredo Méndez 0-0: Called Strike
0-1: Ball
1-1: Foul Ball, location: 2F
1-2: Ball
2-2: Ball
3-2: Ground out 6-3 (Groundball, 6)
Logan Namajunas to second
Batting: RHB Albert Zamudio 0-0: Ball
1-0: Called Strike
1-1: Called Strike
1-2: Strikes out looking
Batting: LHB Yoichibei Sato 0-0: SINGLE (Groundball, 4MD)
Logan Namajunas to third
Runner from 3rd tries for Home, throw and OUT!
Top of the 3rd over - 0 runs, 1 hit, 0 errors, 1 left on base; Seattle 0 - Thunder Bay 3
BOTTOM OF THE 3RD
Thunder Bay Northern Lions BC batting - Pitching for Seattle Aviators : LHP Shigemasa Horiuchi
Batting: RHB António Mendoza 0-0: Called Strike
0-1: Ball
1-1: SINGLE (Groundball, 6MD)
Batting: LHB David Smith 0-0: Called Strike
0-1: Ball
1-1: Foul Ball, location: 2F
1-2: Strikes out looking
Batting: RHB Denis Higgins 0-0: Ball
1-0: Foul Ball, location: 2F
1-1: Ball
2-1: Swinging Strike
2-2: SINGLE (Flyball, 78M)
António Mendoza to second
Batting: RHB Edgar Balerio 0-0: Fly out, F3 (Flyball, 3D)
Batting: LHB Luis Freitas 0-0: Swinging Strike
0-1: Ball
1-1: SINGLE (Line Drive, 9LS)
António Mendoza to third
Denis Higgins to second
Runner from 3rd tries for Home, SAFE, no throw
Batting: RHB Bartolo Morales 0-0: Called Strike
0-1: Foul Ball, location: 2F
0-2: Ball
1-2: Ground out 5-3 (Groundball, 56)
Bottom of the 3rd over - 1 run, 3 hits, 0 errors, 2 left on base; Seattle 0 - Thunder Bay 4
TOP OF THE 4TH
Seattle Aviators batting - Pitching for Thunder Bay Northern Lions BC : RHP Santiago López
Batting: LHB Kenny Webster 0-0: Ball
1-0: Called Strike
1-1: Called Strike
1-2: Strikes out swinging
Batting: RHB Ludwig Kluge 0-0: Called Strike
0-1: Foul Ball, location: 2F
0-2: Strikes out swinging
Batting: LHB Pedro Corona 0-0: Fly out, F8 (Flyball, 78D)
Top of the 4th over - 0 runs, 0 hits, 0 errors, 0 left on base; Seattle 0 - Thunder Bay 4
BOTTOM OF THE 4TH
Thunder Bay Northern Lions BC batting - Pitching for Seattle Aviators : LHP Shigemasa Horiuchi
Batting: RHB Pedro Torres 0-0: Ground out 1-3 (Groundball, 13)
Batting: RHB Augusto Encarnación 0-0: Swinging Strike
0-1: Swinging Strike
0-2: Ball
1-2: SINGLE (Flyball, 7S)
Batting: RHB Joe Aller 0-0: Ball
1-0: Fielders Choice at 2nd, 6-4 (Groundball, 6)
Batting: RHB António Mendoza 0-0: SINGLE (Line Drive, 6MD)
Joe Aller to second
Batting: LHB David Smith 0-0: Called Strike
0-1: Ball
1-1: Foul Ball, location: 2F
1-2: Ball
2-2: Strikes out swinging
Bottom of the 4th over - 0 runs, 2 hits, 0 errors, 2 left on base; Seattle 0 - Thunder Bay 4
TOP OF THE 5TH
Seattle Aviators batting - Pitching for Thunder Bay Northern Lions BC : RHP Santiago López
Batting: RHB Seon-keun Kim 0-0: Foul Ball, location: 2F
0-1: Foul Ball, location: 2F
0-2: Ball
1-2: Ball
2-2: Ball
3-2: Base on Balls
Batting: RHB José Rodríguez 0-0: Fly out, F9 (Line Drive, 9)
Batting: RHB Logan Namajunas 0-0: Grounds into double play, 4-6-3 (Groundball, 4)
Top of the 5th over - 0 runs, 0 hits, 0 errors, 0 left on base; Seattle 0 - Thunder Bay 4
BOTTOM OF THE 5TH
Thunder Bay Northern Lions BC batting - Pitching for Seattle Aviators : LHP Shigemasa Horiuchi
Batting: RHB Denis Higgins 0-0: Ball
1-0: Called Strike
1-1: Foul Ball, location: 2F
1-2: Foul Ball, location: 2F
1-2: Ground out 5-3 (Groundball, 56)
Batting: RHB Edgar Balerio 0-0: Swinging Strike
0-1: Ball
1-1: Ball
2-1: Fly out, F6 (Line Drive, 6M)
Batting: LHB Luis Freitas 0-0: Ball
1-0: Foul Ball, location: 2F
1-1: Ball
2-1: Foul Ball, location: 2F
2-2: DOUBLE (Line Drive, 89D)
Batting: RHB Bartolo Morales 0-0: Intentional Walk
Pitching: RHP Miguel Cervantes
Batting: RHB Pedro Torres 0-0: Ball
1-0: Called Strike
1-1: Ball
2-1: Ball
3-1: Swinging Strike
3-2: Foul Ball, location: 2F
3-2: Strikes out looking
Bottom of the 5th over - 0 runs, 1 hit, 0 errors, 2 left on base; Seattle 0 - Thunder Bay 4
TOP OF THE 6TH
Seattle Aviators batting - Pitching for Thunder Bay Northern Lions BC : RHP Santiago López
Batting: RHB Alfredo Méndez 0-0: Called Strike
0-1: Ball
1-1: Foul Ball, location: 2F
1-2: Fly out, F9 (Line Drive, 89M)
Batting: RHB Albert Zamudio 0-0: Swinging Strike
0-1: Ball
1-1: Ground out 5-3 (Groundball, 5S)
Batting: LHB Yoichibei Sato 0-0: Ground out U3 (Groundball, 34)
Top of the 6th over - 0 runs, 0 hits, 0 errors, 0 left on base; Seattle 0 - Thunder Bay 4
BOTTOM OF THE 6TH
Thunder Bay Northern Lions BC batting - Pitching for Seattle Aviators : RHP Miguel Cervantes
Batting: RHB Augusto Encarnación 0-0: Ball
1-0: Ball
2-0: Ball
3-0: Called Strike
3-1: Fly out, F4 (Popup, 34)
Batting: RHB Joe Aller 0-0: Ball
1-0: Fly out, F4 (Line Drive, 4)
Batting: RHB António Mendoza 0-0: Foul Ball, location: 2F
0-1: Called Strike
0-2: Foul Ball, location: 2F
0-2: Ball
1-2: Ball
2-2: Ball
3-2: Foul Ball, location: 2F
3-2: SINGLE (Flyball, 9LS)
Batting: LHB David Smith 0-0: Ball
1-0: Ball
2-0: Ball
3-0: Base on Balls
António Mendoza to second
Batting: RHB Denis Higgins 0-0: Foul Ball, location: 2F
0-1: Ball
1-1: Ball
2-1: Ball
3-1: Called Strike
3-2: DOUBLE (Line Drive, 89D)
António Mendoza scores
David Smith to third
David Smith scores
Batting: RHB Edgar Balerio 0-0: SINGLE (Line Drive, 8LS)
Denis Higgins to third
Runner from 3rd tries for Home, SAFE, no throw
Batting: LHB Luis Freitas 0-0: Foul Ball, location: 2F
0-1: Foul Ball, location: 2F
0-2: Ball
1-2: Ball
2-2: Foul Ball, location: 2F
2-2: Ball
3-2: Strikes out swinging
Bottom of the 6th over - 3 runs, 3 hits, 0 errors, 1 left on base; Seattle 0 - Thunder Bay 7
TOP OF THE 7TH
Seattle Aviators batting - Pitching for Thunder Bay Northern Lions BC : RHP Santiago López
Batting: LHB Kenny Webster 0-0: Hit by Pitch
Batting: RHB Ludwig Kluge 0-0: Ball
1-0: Ball
2-0: Foul Ball, location: 2F
2-1: Ball
3-1: Base on Balls
Kenny Webster to second
Batting: LHB Pedro Corona 0-0: Ball
1-0: Swinging Strike
1-1: Ball
2-1: Swinging Strike
2-2: Ground out 3-1 (Groundball, 34D)
Kenny Webster to third
Ludwig Kluge to second
Batting: RHB Seon-keun Kim 0-0: Ball
1-0: Ball
2-0: Ball
3-0: Called Strike
3-1: Foul Ball, location: 2F
3-2: Base on Balls
Batting: RHB José Rodríguez 0-0: Ball
1-0: Called Strike
1-1: Foul Ball, location: 2F
1-2: Ball
2-2: Ball
3-2: Foul Ball, location: 2F
3-2: Strikes out swinging
Batting: RHB Logan Namajunas 0-0: Swinging Strike
0-1: Ball
1-1: Ball
2-1: Ball
3-1: Foul Ball, location: 2F
3-2: Foul Ball, location: 2F
3-2: Strikes out swinging
Top of the 7th over - 0 runs, 0 hits, 0 errors, 3 left on base; Seattle 0 - Thunder Bay 7
BOTTOM OF THE 7TH
Thunder Bay Northern Lions BC batting - Pitching for Seattle Aviators : RHP Miguel Cervantes
Batting: RHB Bartolo Morales 0-0: Ball
1-0: Foul Ball, location: 2F
1-1: Foul Ball, location: 2F
1-2: Strikes out swinging
Batting: RHB Pedro Torres 0-0: Ball
1-0: Called Strike
1-1: Fly out, F1 (Line Drive, 15S)
Batting: RHB Augusto Encarnación 0-0: Foul Ball, location: 2F
0-1: Swinging Strike
0-2: Ball
1-2: Fly out, F9 (Flyball, 9)
Bottom of the 7th over - 0 runs, 0 hits, 0 errors, 0 left on base; Seattle 0 - Thunder Bay 7
TOP OF THE 8TH
Seattle Aviators batting - Pitching for Thunder Bay Northern Lions BC : RHP Santiago López
Batting: RHB Alfredo Méndez 0-0: Foul Ball, location: 2F
0-1: Ball
1-1: Ball
2-1: Foul Ball, location: 2F
2-2: Strikes out swinging
Pitching: LHP Norberto Quintana
Batting: RHB Albert Zamudio 0-0: Swinging Strike
0-1: Foul Ball, location: 2F
0-2: Ball
1-2: Ball
2-2: Ground out 4-3 (Groundball, 4)
Pinch Hitting: RHB Enrique Ibarra 0-0: DOUBLE (Line Drive, 9LM)
Batting: LHB Kenny Webster 0-0: Fly out, F9 (Flyball, 9D)
Top of the 8th over - 0 runs, 1 hit, 0 errors, 1 left on base; Seattle 0 - Thunder Bay 7
BOTTOM OF THE 8TH
Thunder Bay Northern Lions BC batting - Pitching for Seattle Aviators : RHP Miguel Cervantes
Now at 3B: Enrique Ibarra
Batting: RHB Joe Aller 0-0: Ball
1-0: Ground out 3-1 (Groundball, 34)
Batting: RHB António Mendoza 0-0: Ball
1-0: Ball
2-0: Called Strike
2-1: Foul Ball, location: 2F
2-2: Ground out 5-3 (Groundball, 56S)
Batting: LHB David Smith 0-0: Ball
1-0: Swinging Strike
1-1: Ground out 4-3 (Groundball, 4)
Bottom of the 8th over - 0 runs, 0 hits, 0 errors, 0 left on base; Seattle 0 - Thunder Bay 7
TOP OF THE 9TH
Seattle Aviators batting - Pitching for Thunder Bay Northern Lions BC : LHP Santiago Pérez
Pitching: LHP Santiago Pérez
Batting: RHB Ludwig Kluge 0-0: Ground out 6-3 (Groundball, 6)
Pinch Hitting: RHB José Leyva 0-0: Ball
1-0: Ground out 6-3 (Groundball, 6S)
Batting: RHB Seon-keun Kim 0-0: Foul Ball, location: 2F
0-1: Ball
1-1: Ball
2-1: Foul Ball, location: 2F
2-2: Foul Ball, location: 2F
2-2: Foul Ball, location: 2F
2-2: Foul Ball, location: 2F
2-2: Strikes out looking
Top of the 9th over - 0 runs, 0 hits, 0 errors, 0 left on base; Seattle 0 - Thunder Bay 7
Wednesday, September 19th, 2018 - OOTP Baseball 18.8 Build 76